 Dungeon Crawl Stone Soup version 0.20.1-1-g8b1a95d (webtiles) character file.

2202 McKennaii the Martial Artist (level 9, -12/67 HPs)
             Began as a Grey Draconian Transmuter on July 21, 2017.
             Shot with a bolt by an orc warrior (20 damage)
             ... in a bailey.
             The game lasted 00:17:41 (9641 turns).

McKennaii the Martial Artist (DrTm)                 Turns: 9641, Time: 00:17:43

Health: -12/67     AC: 14    Str: 12    XL:     9   Next: 12%
Magic:  14/14      EV: 15    Int: 16    God:
Gold:   376        SH:  0    Dex: 13    Spells: 7/15 levels left

rFire    . . .     SeeInvis .     - Unarmed
rCold    . . .     Gourm    .   (no shield)
rNeg     . . .     Faith    .   (armour unavailable)
rPois    .         Spirit   .   (helmet restricted)
rElec    .         Reflect  .   (no cloak)
rCorr    .         Harm     .   (no gloves)
MR       .....                  t - +0 pair of boots
Stlth    ++........             (no amulet)
Regen    0.3/turn               l - +1 ring of protection
MPRegen  0.2/turn               (no ring)

@: no status effects
A: walk through water, unfitting armour, unbreathing, cold-blooded, AC +12
a: no special abilities


You were in a bailey.
You were very hungry.

You visited 1 branch of the dungeon, and saw 7 of its levels.
You also visited: Bailey.

You collected 376 gold pieces.

Inventory:

Missiles
 n - 66 arrows
Armour
 t - a +0 pair of boots (worn)
Jewellery
 l - a +1 ring of protection (left hand)
Scrolls
 d - 2 scrolls of random uselessness
 e - 5 scrolls of remove curse
 g - a scroll of noise {unknown}
 h - 10 scrolls of identify {unknown}
 j - 4 scrolls of amnesia {unknown}
 q - 3 scrolls of teleportation
 s - a scroll of enchant armour {unknown}
 v - a scroll of enchant weapon {unknown}
 w - 2 scrolls of immolation {unknown}
Potions
 a - 2 potions of might {unknown}
 i - a potion of mutation {unknown}
 k - a potion of curing
 m - a potion of berserk rage {unknown}
 o - a potion of brilliance {unknown}
 p - a potion of haste {unknown}
 x - a potion of invisibility {unknown}
 z - a potion of degeneration {unknown}
Books
 b - a book of Changes

   Spells                             Type                      Level
   a - Beastly Appendage              Transmutation                1
   b - Sticks to Snakes               Transmutation                2
   c - Spider Form                    Transmutation/Poison         3
   d - Ice Form                       Ice/Transmutation            4
   e - Blade Hands                    Transmutation                5
 r - a book of Flames

   Spells                             Type                      Level
   a - Flame Tongue                   Conjuration/Fire             1
   b - Throw Flame                    Conjuration/Fire             2
   c - Conjure Flame                  Conjuration/Fire             3
   d - Inner Flame                    Hexes/Fire                   3
   e - Sticky Flame                   Conjuration/Fire             4
   f - Fireball                       Conjuration/Fire             5
Comestibles
 c - 3 bread rations
 f - a royal jelly
 u - a meat ration


   Skills:
 + Level 2.0 Fighting
 + Level 5.4 Dodging
 + Level 3.2 Stealth
 + Level 8.0 Unarmed Combat
 + Level 3.6 Spellcasting
 * Level 6.0 Transmutations


You had 7 spell levels left.
You knew the following spells:

 Your Spells              Type           Power        Failure   Level  Hunger
a - Beastly Appendage     Tmut           ###...       1%          1    None
b - Sticks to Snakes      Tmut           ###.....     2%          2    ##.....
c - Blade Hands           Tmut           ###.......   36%         5    ######.


Dungeon Overview and Level Annotations

Branches:
Dungeon (7/15)
 Temple: D:4-7

Altars:
Ashenzari
Cheibriados
Dithmenos
Makhleb
Qazlal
Ru
Sif Muna
Trog
Yredelemnul
The Shining One

Shops:
D:5 =   D:7 }


Innate Abilities, Weirdness & Mutations

You can walk through water.
Your dull iron-grey scales are very hard. (AC +12)
You cannot fit into any form of body armour.
You can survive without breathing.
You are cold-blooded and may be slowed by cold attacks.


Message History

The orc completely misses you.
The orc warrior shoots a bolt.
The bolt closely misses you.
You see here a bolt.
The orc warrior shoots a bolt.
The bolt hits you but does no damage.
You see here a bolt.
The orc knight hits you from afar with a halberd!!
The orc knight completely misses you.
The orc knight hits you but does no damage.
You open the door.
An orc and an orc warrior come into view.
The orc knight barely misses you.
Found a royal jelly and a scroll labeled TUXOXU UKKUQ.
An orc warrior comes into view. It is wielding an arbalest.
The orc shouts!
The orc warrior shouts!
The orc knight roars a battlecry!
The orcs go into a battle-frenzy!
The orc warrior shoots a bolt.
The bolt hits you!!
* * * LOW HITPOINT WARNING * * *
The orc warrior shoots a bolt.
The bolt hits you!!
You die...

### ## ###
##∩######### #o##
...##.∩.##.((..##..=#
≈≈..#...#..≈≈≈..#...#
o≈≈.......≈≈o≈≈.#..$#
oo≈.(.....≈ooo≈.@.o.#
o≈≈.......≈≈o≈≈.#..%#
≈≈..#...#(.≈≈≈..#...#
...##...##.....##.o?#
### ##∩######### #.##
### ##


You could see 2 orc knights, 3 orc warriors and 3 orcs.

Vanquished Creatures
  Grinder (D:4)
  2 sky beasts (D:7)
  An ogre (D:6)
  2 centaurs (D:6)
  2 scorpions (D:6)
  3 wights (D:6)
  2 centaur zombies (D:4)
  A bullfrog zombie (D:4)
  A crimson imp (D:6)
  2 hounds (D:4)
  2 orc priests
  12 orc wizards
  A bullfrog skeleton (D:6)
  An iguana (D:5)
  Jessica (D:3)
  6 worker ants
  A hound zombie (D:4)
  A worker ant zombie (D:4)
  A howler monkey skeleton (D:4)
  8 adders
  An adder skeleton (D:5)
  3 adder zombies
  2 worms (D:4)
  A dart slug (D:2)
  3 leopard geckos
  23 orcs
  A ball python (D:3)
  4 giant cockroaches
  8 goblins
  4 hobgoblins
  16 jackals
  9 kobolds
  2 quokkas (D:3)
  3 bats
  4 frilled lizards
  A giant cockroach zombie (D:4)
  A leopard gecko zombie (D:4)
  3 quokka zombies (D:4)
  7 rats
147 creatures vanquished.

Vanquished Creatures (collateral kills)
  Sigmund (D:4)
  An ice beast (D:7)
  An ogre (D:6)
  An orc warrior (D:7)
  A howler monkey (D:6)
  An adder (D:6)
  6 orcs
12 creatures vanquished.

Grand Total: 159 creatures vanquished

Notes
Turn   | Place    | Note
-------+----------+-------------------------------------------
     0 | D:1      | McKennaii the Draconian Transmuter began the quest for the Orb.
     0 | D:1      | Reached XP level 1. HP: 16/16 MP: 3/3
   311 | D:1      | Reached XP level 2. HP: 23/23 MP: 5/5
   316 | D:1      | Learned a level 2 spell: Sticks to Snakes
   386 | D:1      | Found a shattered altar of Ashenzari.
  1353 | D:2      | Reached XP level 3. HP: 24/28 MP: 6/6
  1408 | D:2      | Found a glowing golden altar of the Shining One.
  1493 | D:2      | Found a bloodstained altar of Trog.
  1704 | D:3      | Reached skill level 1 in Stealth
  2200 | D:3      | Reached XP level 4. HP: 27/35 MP: 7/7
  2302 | D:3      | Reached skill level 4 in Unarmed Combat
  2581 | D:3      | Noticed Jessica
  2597 | D:3      | Killed Jessica
  2597 | D:3      | Reached XP level 5. HP: 16/40 MP: 8/8
  3108 | D:3      | Found a snail-covered altar of Cheibriados.
  3108 | D:3      | Found a sacrificial altar of Ru.
  3113 | D:3      | Found a stormy altar of Qazlal.
  3115 | D:3      | Found a burning altar of Makhleb.
  3116 | D:3      | Found a basalt altar of Yredelemnul.
  3432 | D:4      | Noticed an orc warrior
  4056 | D:4      | Reached XP level 6. HP: 36/47 MP: 9/9
  4242 | D:4      | Reached skill level 5 in Unarmed Combat
  4843 | D:4      | Found a stormy altar of Qazlal.
  4846 | D:4      | Noticed an air elemental
  5127 | D:4      | Your scales start taking on a dull iron-grey colour.
  5127 | D:4      | Reached XP level 7. HP: 46/52 MP: 10/10
  5127 | D:4      | Gained mutation: You can survive without breathing. [Grey Draconian growth]
  5204 | D:4      | Noticed a fire elemental
  5204 | D:4      | Noticed a water elemental
  5805 | D:4      | Noticed Sigmund
  5816 | D:4      | Killed Sigmund
  5825 | D:4      | Found a shadowy altar of Dithmenos.
  5840 | D:4      | Noticed Grinder
  5858 | D:4      | Paralysed by Grinder for 7 turns
  5866 | D:4      | Killed Grinder
  5866 | D:4      | Reached skill level 6 in Unarmed Combat
  6131 | D:5      | Entered Level 5 of the Dungeon
  6132 | D:5      | Found a burning altar of Makhleb.
  6363 | D:4      | Reached skill level 5 in Transmutations
  6922 | D:5      | Reached XP level 8. HP: 34/59 MP: 12/12
  7008 | D:5      | Learned a level 5 spell: Blade Hands
  7777 | D:5      | Found Ynekas's Jewellery Boutique.
  8124 | D:6      | Reached skill level 7 in Unarmed Combat
  8149 | D:6      | Found a deep blue altar of Sif Muna.
  8566 | D:6      | Reached skill level 5 in Dodging
  9079 | D:7      | Found Tizuitu Nuth's Gadget Boutique.
  9151 | D:7      | Reached XP level 9. HP: 52/67 MP: 14/14
  9178 | D:7      | Found a flagged portal.
  9234 | D:7      | Reached skill level 8 in Unarmed Combat
  9377 | Bailey   | Entered a bailey
  9377 | Bailey   | Noticed an orc knight
  9479 | Bailey   | Noticed an orc knight
  9479 | Bailey   | Noticed an orc knight
  9641 | Bailey   | Shot with a bolt by an orc warrior

Skill      XL: |  1  2  3  4  5  6  7  8  9 |
---------------+----------------------------+-----
Dodging        | 2 3 4 5 |  5.4
Stealth        | 1 2 3 |  3.2
Unarmed Combat | 4 5 6 7 8 |  8.0
Transmutations | 3 5 6 |  6.0
Spellcasting   | 3 |  3.6
Fighting       | 2 |  2.0

Action                   |  1- 3 |  4- 6 |  7- 9 || total
-------------------------+-------+-------+-------++-------
Melee: Unarmed           |   153 |   288 |   423 ||   864
       Tailslap          |    11 |    36 |    55 ||   102
       Punch             |     4 |     4 |     8 ||    16
       Kick              |       |       |     7 ||     7
 Cast: Sticks to Snakes  |       |    14 |    30 ||    44
       Beastly Appendage |       |       |     2 ||     2
  Use: Potion            |       |       |     1 ||     1
       Scroll            |       |       |     3 ||     3
 Stab: Sleeping          |     2 |       |     3 ||     5
       Distracted        |       |       |     3 ||     3
  Eat: Chunk             |     4 |     6 |    11 ||    21
       Meat ration       |       |     1 |       ||     1
       Royal jelly       |       |       |     2 ||     2
Armor: Skin              |    55 |    84 |   146 ||   285
Dodge: Dodged            |   121 |   177 |   245 ||   543
